 Dungeon Crawl Stone Soup version 0.28-a0-46-g7b1be97da7 (webtiles) character file.

Game seed: 11448816144466002612

77 dmks the Ducker (level 4, -5/31 HPs)
             Began as a Djinni Fire Elementalist on July 30, 2021.
             Slain by an orc (7 damage)
             ... on level 3 of the Dungeon.
             The game lasted 00:04:44 (2527 turns).

dmks the Ducker (Djinni Fire Elementalist)          Turns: 2527, Time: 00:04:44

Health: -5/31      AC:  6    Str:  7    XL:     4   Next: 58%
Gold:   76         EV: 13    Int: 17    God:
                   SH:  0    Dex: 14

rFire   + + .      SeeInvis .   (no weapon)
rCold   x . .      Faith    .   (no shield)
rNeg    . . .      Spirit   .   a - +0 robe
rPois   ∞          Reflect  .   (no helmet)
rElec   .          Harm     .   (no cloak)
rCorr   .          Rampage  .   (no gloves)
Will    .....                   (boots unavailable)
Stlth   ++........              (no amulet)
HPRegen 0.10/turn               b - +4 ring of protection
MPRegen 0.00/turn               (no ring)

@: brilliant, attractive, flying
A: sickness immunity, fire resistance 2, cold vulnerability 1, float, innate
caster, hp casting, extra vitality 1
a: no special abilities


You were on level 3 of the Dungeon.
You visited 1 branch of the dungeon, and saw 3 of its levels.

You collected 76 gold pieces.

Inventory:

Armour
 a - a +0 robe (worn)
Jewellery
 b - a +4 ring of protection (left hand)
   (You found it on level 1 of the Dungeon)
Scrolls
 c - 3 scrolls of identify {unknown}
 f - a scroll of blinking {unknown}
 j - a scroll of magic mapping {unknown}
Potions
 d - a potion of lignification {unknown}
 h - a potion of might {unknown}
 i - a potion of invisibility {unknown}
 k - a potion of magic {unknown}


   Skills:
 + Level 3.1 Dodging
 * Level 3.0 Stealth
 + Level 2.8 Spellcasting


You couldn't memorise any spells.
You knew the following spells:

 Your Spells              Type           Power      Damage    Failure   Level
a - Foxfire               Conj/Fire      72%        2x1d7     5%          1
b - Inner Flame           Hex/Fire       18%        N/A       16%         3
c - Sandblast             Erth           36%        2d10      5%          1
d - Conjure Flame         Conj/Fire      18%        6-21      16%         3
q - Sticky Flame          Conj/Fire      18%        2d4       47%         4
x - Fireball              Conj/Fire      9%         3d6       83%         5
Your spell library was empty.

Dungeon Overview and Level Annotations

Branches:
Dungeon (3/15)

Altars:


Innate Abilities, Weirdness & Mutations

You are immune to sickness and miasma.
You are immune to poison.
Your flesh is very heat resistant. (rF++)
You are vulnerable to cold. (rC-)
You float through the air rather than walking.
You learn spells naturally, not from books.
Your magical power is your life essence.
You have superior vitality. (+4 HP)


Message History

You conjure some foxfire!
The orc hits you with a +0 war axe! The orc closely misses your foxfire.
The orc hits your foxfire with a +0 war axe.
The foxfire hits the orc but does no damage. x2
The orc misses you.
An orc comes into view. It is wielding a +3 hand axe.
You conjure some foxfire!
The orc shouts!
The orc barely misses you. The orc hits you with a +0 war axe.
* * * LOW HITPOINT WARNING * * *
The orc hits your foxfire with a +0 war axe.
The foxfire hits the orc but does no damage. x2
The orc closely misses you. The orc hits you but does no damage.
Your magical contamination has completely faded away.
You conjure some foxfire!
* * * LOW HITPOINT WARNING * * *
The orc barely misses you.
The orc hits your foxfire with a +0 war axe.
The orc barely misses you.
A quokka comes into view.
The foxfire hits the orc but does no damage. x2
The orc hits you with a +0 war axe.
* * * LOW HITPOINT WARNING * * *
The orc hits you but does no damage.
The spell is quite dangerous to cast (16% risk of failure)!
Continue anyway?
Okay, then.
You don't have any stones to cast with.
It was a potion of attraction.
You feel attractive to monsters. The orc hits you with a +0 war axe.
* * * LOW HITPOINT WARNING * * *
The quokka is pulled toward you!
It was a potion of brilliance.
You feel clever all of a sudden. The orc barely misses you.
The orc hits you with a +0 flail.
* * * LOW HITPOINT WARNING * * *
The orc hits you but does no damage.
You feel a surge of power!
You conjure some foxfire!
* * * LOW HITPOINT WARNING * * *
The foxfire hits the quokka.
The orc completely misses you.
The orc hits your foxfire with a +0 war axe.
The orc hits you but does no damage. The orc hits you with a +3 hand axe.
* * * LOW HITPOINT WARNING * * *
The foxfire hits the orc but does no damage.
The orc hits you but does no damage. The orc closely misses you. x2
The quokka bites you but does no damage.
You feel a surge of power!
You conjure some foxfire!
* * * LOW HITPOINT WARNING * * *
The orc hits you with a +0 war axe!
You die...

.#. ..### ....# # #
#..####### ..#.
#........#
.....##........##
........oov...[.#########
........o@.)....#........
#.####..rv...............
#.........#.........
#.........##§.......
.........#.###........
......#.#.#.# #........
.......#...#.. #<...(...
.......##..##.##########
....... #... .#


You could see 3 orcs and a quokka.

Vanquished Creatures
  3 adders
  2 dart slugs (D:1)
  4 endoplasms
  4 giant cockroaches
  8 hobgoblins
  A quokka (D:1)
  4 ball pythons
  4 bats
  3 frilled lizards
  5 goblins (D:1)
  3 kobolds
  4 rats
45 creatures vanquished.

Vanquished Creatures (others)
  177 foxfires
177 creatures vanquished.

Grand Total: 222 creatures vanquished

Notes
Turn   | Place    | Note
-------+----------+-------------------------------------------
     0 | D:1      | dmks the Djinni Fire Elementalist began the quest for the
                  | Orb.
     0 | D:1      | Reached XP level 1. HP: 15/15 MP: 0/0
   243 | D:1      | Reached XP level 2. HP: 18/21 MP: 0/0
   780 | D:1      | Reached XP level 3. HP: 24/25 MP: 0/0
   780 | D:1      | Learned a level 1 spell: Sandblast
  1470 | D:1      | Found a faded altar of an unknown god.
  1824 | D:2      | Reached XP level 4. HP: 26/31 MP: 0/0
  2527 | D:3      | Slain by an orc

Illustrated notes

Levels and vault maps discovered:
D:1:      lemuel_arrival_broad_hall, layout_loops_ring,
          hellmonk_ecumenical_altar_prayer_group
D:2:      layout_loops_cross, grunt_ministairs_9
D:3:      layout_rooms

Skill      XL: |  1  2  3  4 |
---------------+-------------+-----
Stealth        | 2 3 |  3.0
Dodging        | 3 |  3.1
Spellcasting   | |  2.8

Action                   |  1- 3 |  4- 6 || total
-------------------------+-------+-------++-------
Melee: Unarmed           |     8 |       ||     8
 Cast: Foxfire           |    81 |    40 ||   121
  Use: Potion            |       |     2 ||     2
Armor: Robe              |    10 |     7 ||    17
Dodge: Dodged            |    12 |    13 ||    25

Table legend: (Time is in decaauts)
 A = Elapsed time spent in this place.
 B = Non-inter-level travel time spent in this place.
 C = Inter-level travel time spent in this place.
 D = Time resting spent in this place.
 E = Time spent auto-exploring this place.
 F = Levels seen in this place.
 G = Mean time per level.
                   A        B        C        D        E       F      G
               +--------+--------+--------+--------+--------+-----+--------+
         Total |   2526 |   2470 |     56 |     78 |   2058 |   3 |  842.0 |
       Dungeon |   2526 |   2470 |     56 |     78 |   2058 |   3 |  842.0 |
               +--------+--------+--------+--------+--------+-----+--------+

Top non-repeatable levels by time:
     D:1: 1502 daAuts
     D:2: 882 daAuts
     D:3: 140 daAuts
